[Event "Team 45 45 League T52"]
[Site "Internet Chess Club"]
[Date "2012.02.26"]
[Round "2"]
[White "Ostap-Bender"]
[Black "Just-Jim"]
[Result "1/2-1/2"]
[WhiteElo "1399"]
[BlackElo "1387"]
[Opening "QGA: 3.Nf3"]
[ECO "D21"]
[Time "19:01:24"]
[TimeControl "2700+45"]

1. d4 d5 2. c4 dxc4 3. Nf3 Bg4 4. Nc3 Bxf3 5. exf3 Nc6 6. Be3 e5 7. d5 Nce7 8.
Bxc4 Nf6 9. Bb5+ c6 10. dxc6 bxc6 11. Ba4 Qa5 12. O-O Rd8 13. Qc2 g6 14. Rfd1
Rxd1+ 15. Rxd1 Bg7 16. Ne4 O-O 17. h3 Nxe4 18. fxe4 f5 19. Bxc6 Nxc6 20. Qxc6
Qxa2 21. Qd5+ Qxd5 22. exd5 e4 23. d6 Bxb2 24. Bxa7 Bf6 25. Bb6 Bd8 26. Bc7 Kg7
27. Rb1 Bxc7 28. dxc7 Rc8 29. Rc1 Kf7 30. Kh2 Ke7 31. Kg3 Kd7 32. Rd1+ Kxc7 33.
Rc1+ Kd7 34. Rd1+ Ke7 35. Ra1 Rc3+ 36. Kf4 h6 37. Ra7+ Kd6 38. Rg7 g5+ 39. Kxf5
Rc5+ 40. Kxe4 Re5+ 41. Kf3 Rf5+ 42. Kg3 h5 43. f3 Rd5 44. h4 gxh4+ 45. Kxh4 Ke6
46. Rg5 Rd2 47. Kxh5 Kf6 48. f4 Rd1 49. Kh6 Rh1+ 50. Rh5 Rg1 51. Rg5 Rh1+ 52.
Rh5 Rg1 53. Rh2 Kf5 54. Rh5+ Kxf4 55. Rh4+ Kg3 56. Kg5 Rxg2 57. Rg4+ Kh3 58.
Rxg2 Kxg2 {Game drawn because neither player has mating material} 1/2-1/2

[Event "Team 45 45 League T52"]
[Site "Internet Chess Club"]
[Date "2012.02.25"]
[Round "2"]
[White "pereelcoix"]
[Black "KidRattler"]
[Result "0-1"]
[WhiteElo "1177"]
[BlackElo "1434"]
[Opening "Ruy Lopez: Schliemann defense"]
[ECO "C63"]
[Time "16:13:23"]
[TimeControl "2700+45"]

1. e4 e5 2. Nf3 Nc6 3. Bb5 f5 4. exf5 e4 5. Ng1 Qg5 6. g3 Qxf5 7. Bxc6 dxc6 8.
Nc3 Bc5 9. Qe2 Nf6 10. d3 Bb4 11. dxe4 Bxc3+ 12. bxc3 Qxe4 13. Qxe4+ Nxe4 14.
Bb2 O-O 15. Nf3 Rxf3 {White resigns} 0-1

[Event "Team 45 45 League T52"]
[Site "Internet Chess Club"]
[Date "2012.02.26"]
[Round "2"]
[White "Skylab"]
[Black "sockmonkey"]
[Result "0-1"]
[WhiteElo "1308"]
[BlackElo "1349"]
[Opening "Queen's gambit declined"]
[ECO "D30"]
[Time "15:00:23"]
[TimeControl "2700+45"]

1. d4 d5 2. c4 e6 3. e3 f5 4. Nf3 Nf6 5. Ne5 Bd6 6. f4 O-O 7. Qe2 Nbd7 8. cxd5
exd5 9. Nc3 c6 10. Bd2 Qe7 11. O-O-O Kh8 12. h3 Rg8 13. g4 g6 14. g5 Ne4 15.
Nxe4 dxe4 16. Bc3 Nxe5 17. dxe5 Bb4 18. Bd4 Be6 19. Qc2 c5 20. Bc3 Rac8 21. Kb1
Rgd8 22. Be2 Qc7 23. Rxd8+ Qxd8 24. Rd1 Qa5 25. a3 Bxc3 26. Qxc3 Qxc3 27. bxc3
Kg7 28. Rd6 Kf7 29. h4 Ke7 30. Kb2 Rd8 31. Rd1 a6 32. Kc1 b5 33. Rh1 Bc4 34.
Bxc4 bxc4 35. h5 Ke6 36. hxg6 hxg6 37. Rh6 Kf7 38. Rh7+ Ke6 39. Ra7 Rd3 40.
Rxa6+ Kf7 41. Rf6+ Kg7 42. Kb2 Rd8 43. Rc6 Rd3 44. a4 Rxe3 45. Rxc5 Re2+ 46. Kb1
Rd2 47. Rxc4 e3 48. Rd4 Rxd4 49. cxd4 e2 50. Kc1 e1=Q+ 51. Kb2 Qf2+ 52. Kc3 Qxf4
53. Kb4 Qxd4+ 54. Kb5 {White resigns} 0-1

[Event "Team 45 45 League T52"]
[Site "Internet Chess Club"]
[Date "2012.02.24"]
[Round "2"]
[White "Iowa-Archer"]
[Black "kingsrook"]
[Result "0-1"]
[WhiteElo "1294"]
[BlackElo "1317"]
[Opening "Réti opening"]
[ECO "A05"]
[Time "18:00:05"]
[TimeControl "2700+45"]

1. Nf3 Nf6 2. d3 d5 3. g3 Bf5 4. Bg2 Nc6 5. O-O e6 6. Nbd2 Bc5 7. c3 O-O 8. Nb3
Bb6 9. d4 h6 10. Nh4 Bh7 11. Nd2 Re8 12. c4 Nxd4 13. a3 a5 14. Ndf3 Nc6 15. cxd5
exd5 16. Bd2 Ne4 17. Qc1 Nxd2 18. Qxd2 a4 19. Bh3 Ra5 20. Bf5 Bxf5 21. Nxf5 Qf6
22. b4 axb3 23. Qf4 Re4 24. Nxh6+ Qxh6 25. Qxh6 gxh6 26. e3 Ne7 27. Nd2 Rea4 28.
Nxb3 Rb5 29. Nd2 c5 30. Rab1 Rxb1 31. Rxb1 Nc8 32. h4 Rxa3 33. Nf1 c4 34. Rb5
Rd3 35. Kg2 Kg7 36. Kf3 Kg6 37. Kf4 Kf6 38. e4 Ke6 39. Ne3 Bxe3+ 40. fxe3 b6 41.
g4 f6 42. Kf3 Ke5 43. exd5 Rxd5 44. Rxd5+ Kxd5 45. e4+ Kd4 46. Ke2 Kc3 47. g5
hxg5 48. h5 Ne7 49. Ke3 b5 50. h6 b4 51. h7 Ng6 52. Kf3 b3 53. Kg4 b2 54. Kh5
b1=Q 55. Kxg6 Qxe4+ 56. Kg7 Qe7+ 57. Kg6 Qe8+ 58. Kh6 g4 59. Kg7 g3 60. h8=Q
Qxh8+ 61. Kxh8 f5 62. Kg7 f4 63. Kg6 f3 64. Kg5 g2 65. Kg4 f2 66. Kg3 f1=Q 67.
Kh2 g1=Q# {White checkmated} 0-1

[Event "Team 45 45 League T52"]
[Site "Internet Chess Club"]
[Date "2012.02.28"]
[Round "2"]
[White "Fulmar"]
[Black "artspir"]
[Result "0-1"]
[WhiteElo "1268"]
[BlackElo "1157"]
[Opening "QGD Slav: exchange variation, 6.Bf4 Bf5"]
[ECO "D14"]
[Time "09:06:24"]
[TimeControl "2700+45"]

1. d4 c6 2. c4 d5 3. cxd5 cxd5 4. Nc3 Nf6 5. Bf4 Bf5 6. Nf3 Nc6 7. e3 a6 8. Be2
e6 9. O-O Bb4 10. Re1 O-O 11. a3 Ba5 12. b4 Ne4 13. Rc1 Bc7 14. Bxc7 Qxc7 15. b5
axb5 16. Nxb5 Qa5 17. Qb3 Rfb8 18. Rc2 Ng5 19. Nxg5 Qxe1+ 20. Bf1 Qd1 21. Rc3
Qa1 22. e4 Na5 23. Qc2 Bg6 24. h4 h6 25. Na7 Nc4 26. f3 Rxa7 27. g4 hxg5 28.
hxg5 Qe1 29. Rb3 Ne3 30. Qc7 Qxf1+ {White resigns} 0-1

[Event "Team 45 45 League T52"]
[Site "Internet Chess Club"]
[Date "2012.02.24"]
[Round "2"]
[White "chicopee-ed"]
[Black "Cicero"]
[Result "0-1"]
[WhiteElo "1294"]
[BlackElo "1328"]
[Opening "King's Indian: East Indian defense"]
[ECO "A48"]
[Time "14:00:40"]
[TimeControl "2700+45"]

1. d4 Nf6 2. Nf3 g6 3. Nbd2 Bg7 4. e4 d6 5. Bd3 Nc6 6. c3 e5 7. d5 Ne7 8. h3 O-O
9. O-O c6 10. c4 cxd5 11. cxd5 Bd7 12. Re1 Rc8 13. Nb3 Ba4 14. Be3 Nd7 15. Qd2
Nc5 16. Nxc5 dxc5 17. Rec1 b6 18. b3 Bd7 19. b4 cxb4 20. Qxb4 Rxc1+ 21. Rxc1 Re8
22. Bb5 Bxb5 23. Qxb5 Nc8 24. Qa6 Nd6 25. Nd2 f5 26. f3 fxe4 27. fxe4 Rf8 28.
Qxa7 Nb5 29. Qxb6 Qxb6 30. Bxb6 Bh6 31. Rc5 Nd4 32. Rc4 Bxd2 33. Bxd4 exd4 34.
g4 Be3+ 35. Kg2 d3 36. Rc3 d2 37. Rd3 Rf2+ 38. Kg3 Re2 39. d6 Kf8 40. d7 Bf2+
41. Kf3 Re3+ 42. Rxe3 d1=Q+ 43. Kxf2 Qxd7 44. Ke2 Qa4 45. a3 Qc2+ 46. Kf3 Qd1+
47. Kf4 Qf1+ 48. Ke5 Qf2 49. Kd4 Ke7 50. e5 Ke6 51. Kd3 Qf1+ 52. Ke4 Qc4+ 53.
Kf3 g5 54. Kf2 Qc2+ 55. Kf3 h5 56. gxh5 Qd1+ 57. Ke4 Qd5# {White checkmated} 0-1

[Event "Team 45 45 League T52"]
[Site "Internet Chess Club"]
[Date "2012.02.25"]
[Round "2"]
[White "IanT"]
[Black "arconia"]
[Result "1-0"]
[WhiteElo "1471"]
[BlackElo "1289"]
[Opening "Sicilian: Alapin's variation (2.c3)"]
[ECO "B22"]
[Time "07:30:57"]
[TimeControl "2700+45"]

1. e4 c5 2. c3 Nc6 3. d4 cxd4 4. cxd4 e6 5. Nf3 d6 6. Nc3 a6 7. Bd3 Nf6 8. O-O
Be7 9. h3 Qc7 10. Be3 b5 11. Rc1 Bb7 12. Qd2 O-O 13. d5 Ne5 14. Nxe5 dxe5 15.
dxe6 Rad8 16. exf7+ Rxf7 17. Nxb5 Qb8 18. Nc3 Bxe4 19. Nxe4 Nxe4 20. Qe2 Ng5 21.
Bc4 Rf8 22. Bxf7+ Rxf7 23. Qg4 h6 24. Rc8+ {Black resigns} 1-0

[Event "Team 45 45 League T52"]
[Site "Internet Chess Club"]
[Date "2012.02.23"]
[Round "2"]
[White "Aquaman"]
[Black "lawth3"]
[Result "0-1"]
[WhiteElo "1195"]
[BlackElo "1183"]
[Opening "Queen's pawn game"]
[ECO "A45"]
[Time "15:00:35"]
[TimeControl "2700+45"]

1. d4 Nf6 2. Nc3 e6 3. e4 Bb4 4. Bd3 d5 5. Bd2 c5 6. dxc5 Bxc5 7. Nf3 Nc6 8. a3
O-O 9. b4 Bd6 10. O-O Qc7 11. Nb5 Qe7 12. Nxd6 Qxd6 13. exd5 Qxd5 14. Re1 Nd4
15. Ne5 b5 16. Bc3 Bb7 17. Bxd4 Qxg2# {White checkmated} 0-1

[Event "Team 45 45 League T52"]
[Site "Internet Chess Club"]
[Date "2012.02.26"]
[Round "2"]
[White "Macovitski"]
[Black "Docvan"]
[Result "0-1"]
[WhiteElo "1075"]
[BlackElo "1204"]
[Opening "French: Two knights variation"]
[ECO "C00"]
[Time "15:00:26"]
[TimeControl "2700+45"]

1. e4 e6 2. Nf3 d5 3. Nc3 Nf6 4. e5 Nfd7 5. d4 c5 6. dxc5 Nc6 7. Bb5 Bxc5 8. O-O
a6 9. Be2 Ndxe5 10. Nxe5 Nxe5 11. Bf4 Ng6 12. Qd2 Nxf4 13. Qxf4 O-O 14. Bd3 Bd7
15. Rae1 f5 16. Ne2 Qb6 17. b3 Bd6 18. Qg5 h6 19. Qd2 Rac8 20. Kh1 Bc5 21. Qf4
Qd6 22. Qd2 d4 23. Nf4 Bb4 24. Qc1 Bxe1 25. Rxe1 e5 26. Nh5 e4 27. Bc4+ Be6 28.
Bxe6+ Qxe6 29. Qb2 Qd6 30. Re3 g6 31. Rg3 f4 32. Rg4 Kh7 33. Rxf4 Rxf4 34. Nxf4
Qxf4 35. Qxd4 Qc1+ {White resigns} 0-1

[Event "Team 45 45 League T52"]
[Site "Internet Chess Club"]
[Date "2012.02.23"]
[Round "2"]
[White "Goldenberg"]
[Black "drsigmund1"]
[Result "0-1"]
[WhiteElo "1415"]
[BlackElo "1431"]
[Opening "Bishop's opening: Berlin defense"]
[ECO "C24"]
[Time "21:00:21"]
[TimeControl "2700+45"]

1. e4 e5 2. Bc4 Nf6 3. d3 Bc5 4. Nc3 h6 5. f4 d6 6. Na4 Bxg1 7. Rxg1 Bg4 8. Qd2
Nbd7 9. h3 Be6 10. Bxe6 fxe6 11. fxe5 Nxe5 12. b3 Qd7 13. Bb2 Nc6 14. O-O-O
O-O-O 15. Rgf1 e5 16. Nc3 Qe6 17. Ne2 Rhf8 18. g4 Nh7 19. Ng3 Ng5 20. Qg2 g6 21.
h4 Nh7 22. Ne2 Nf6 23. g5 Ng4 24. Qg3 h5 25. Rf3 Rf7 26. Rxf7 Qxf7 27. Nc3 Nd4
28. Kb1 Rf8 29. Re1 Qf4 30. Qxf4 Rxf4 31. Nd5 Rf7 32. Bxd4 exd4 33. a4 c6 34.
Nb4 Rf2 35. Rh1 Ne3 36. a5 Rf1+ 37. Rxf1 Nxf1 38. Na2 Ne3 39. Nc1 Ng2 40. Ne2 c5
41. b4 b6 42. axb6 axb6 43. bxc5 bxc5 44. Nf4 Nxf4 45. Kc1 Ng2 46. Kd2 Nxh4 47.
Ke2 Ng2 48. Kd2 Kd7 49. c3 dxc3+ 50. Kxc3 Ke6 51. Kd2 Ke5 52. Ke2 Kf4 53. Kf2
Nh4 54. Ke2 Nf3 55. Kf2 Nxg5 56. Ke2 Kg3 57. Kf1 Nf3 58. Ke2 h4 59. Kf1 h3
{White resigns} 0-1

[Event "Team 45 45 League T52"]
[Site "Internet Chess Club"]
[Date "2012.02.25"]
[Round "2"]
[White "Patzer4Life"]
[Black "moodle"]
[Result "0-1"]
[WhiteElo "1391"]
[BlackElo "1204"]
[Opening "Two knights defense (Modern bishop's opening)"]
[ECO "C55"]
[Time "18:00:50"]
[TimeControl "2700+45"]

1. e4 e5 2. Nf3 Nc6 3. Bc4 Nf6 4. d3 Bb4+ 5. c3 Bc5 6. Bb5 O-O 7. O-O d6 8. Nbd2
Bg4 9. Bxc6 bxc6 10. b3 Re8 11. Bb2 d5 12. Re1 a5 13. a4 dxe4 14. Nxe4 Nxe4 15.
Rxe4 f5 16. Re1 e4 17. dxe4 Qxd1 18. Rexd1 fxe4 19. h3 Bh5 20. g4 exf3 21. gxh5
Re2 22. Rab1 Bxf2+ 23. Kh2 Bh4+ 24. Kh1 f2 25. Rf1 Re1 26. Kg2 Rae8 27. Ba3 Rxb1
28. Rxb1 Re1 {White resigns} 0-1

[Event "Team 45 45 League T52"]
[Site "Internet Chess Club"]
[Date "2012.02.24"]
[Round "2"]
[White "irock2011"]
[Black "dblackw2"]
[Result "1-0"]
[WhiteElo "1273"]
[BlackElo "1075"]
[Opening "French: Steinitz variation"]
[ECO "C11"]
[Time "19:10:37"]
[TimeControl "2700+45"]

1. e4 e6 2. d4 d5 3. Nc3 Nf6 4. e5 Nfd7 5. Nf3 c5 6. Be3 Nc6 7. Bb5 Qb6 8. O-O
cxd4 9. Nxd4 Ndxe5 10. Bf4 Bd7 11. Bxc6 Nxc6 12. Nb3 Be7 13. Qg4 O-O 14. Bh6 Bf6
15. Rab1 Ne5 16. Qg3 Nc4 17. Ne2 Nxb2 18. Nf4 Kh8 19. Bg5 Rg8 20. Qh4 Bxg5 21.
Qxg5 Nc4 22. Rfd1 Rac8 23. Qe7 Ba4 24. Nd2 Qc5 25. Qxb7 Bxc2 26. Nf3 Bxb1 27.
Qxb1 Rb8 28. Ng5 Qe7 29. Qxh7# {Black checkmated} 1-0

[Event "Team 45 45 League T52"]
[Site "Internet Chess Club"]
[Date "2012.02.26"]
[Round "2"]
[White "wildangels"]
[Black "mc9999"]
[Result "1-0"]
[WhiteElo "979"]
[BlackElo "1044"]
[Opening "Sicilian defense"]
[ECO "B20"]
[Time "18:02:48"]
[TimeControl "2700+45"]

1. e4 c5 2. d3 Nc6 3. Nf3 e6 4. Nbd2 Qe7 5. g3 d5 6. Bg2 dxe4 7. Nxe4 Nf6 8. O-O
Qd8 9. Re1 Nxe4 10. Rxe4 Bd6 11. Bg5 Be7 12. Qd2 O-O 13. c3 h6 14. Bxh6 f5 15.
Re2 b6 16. d4 cxd4 17. Ne5 Nxe5 18. Bxa8 Qd7 19. Rxe5 Bf6 20. Re2 gxh6 21. Qxh6
dxc3 22. Qg6+ Bg7 23. Bf3 cxb2 24. Rxb2 Rf6 25. Qg5 Kf8 26. Rd1 Qc7 27. Rbd2 Kf7
28. Rd8 Rg6 29. Qh5 Bf6 30. Qh7+ Rg7 31. Bh5+ Ke7 32. Re8# {Black checkmated}
1-0

[Event "Team 45 45 League T52"]
[Site "Internet Chess Club"]
[Date "2012.02.24"]
[Round "2"]
[White "Grenadier"]
[Black "BTop"]
[Result "1-0"]
[WhiteElo "1798"]
[BlackElo "1731"]
[Opening "French: advance, Euwe variation"]
[ECO "C02"]
[Time "08:00:10"]
[TimeControl "2700+45"]

1. e4 e6 2. d4 d5 3. e5 c5 4. c3 Nc6 5. Nf3 Bd7 6. dxc5 Bxc5 7. Bd3 f6 8. Qe2
fxe5 9. Nxe5 Nxe5 10. Qxe5 Qf6 11. Bf4 Ne7 12. b4 Bb6 13. Qxf6 gxf6 14. Bd6 Rc8
15. a4 Rc6 16. Bg3 O-O 17. Bb5 Rxc3 18. Nxc3 Bd4 19. Rc1 Rc8 20. Bxd7 {Black
resigns} 1-0

[Event "Team 45 45 League T52"]
[Site "Internet Chess Club"]
[Date "2012.02.26"]
[Round "2"]
[White "monkeyshark"]
[Black "zepled37"]
[Result "0-1"]
[WhiteElo "1485"]
[BlackElo "1598"]
[Opening "Sicilian defense"]
[ECO "B40"]
[Time "11:03:31"]
[TimeControl "2700+45"]

1. e4 c5 2. Nf3 e6 3. c3 d5 4. Bb5+ Bd7 5. Bxd7+ Qxd7 6. exd5 Qxd5 7. O-O Nf6 8.
d4 Nc6 9. dxc5 Bxc5 10. Qxd5 Nxd5 11. b4 Bb6 12. b5 Na5 13. Re1 O-O 14. Ne5 Rfd8
15. Ba3 Rac8 16. Bb2 f6 17. Nd3 Kf7 18. Nb4 Nc4 19. Nxd5 Rxd5 20. Bc1 Rxb5 21.
a4 Rbc5 22. Nd2 Nxd2 23. Bxd2 Ba5 24. Rab1 b6 25. Rec1 Bxc3 26. Be3 Rc4 27. Rc2
Be5 28. Rxc4 Rxc4 29. a5 bxa5 30. Rb7+ Rc7 31. Rb5 Bc3 32. g3 Ke7 33. f4 a4 34.
f5 a3 35. Bc5+ Rxc5 36. Rxc5 Bd4+ 37. Kf1 Bxc5 {White resigns} 0-1

[Event "Team 45 45 League T52"]
[Site "Internet Chess Club"]
[Date "2012.02.27"]
[Round "2"]
[White "GoIrish"]
[Black "Insan996"]
[Result "1/2-1/2"]
[WhiteElo "1594"]
[BlackElo "1564"]
[Opening "Réti opening"]
[ECO "A04"]
[Time "21:00:19"]
[TimeControl "2700+45"]

1. Nf3 c5 2. g3 Nc6 3. Bg2 d5 4. O-O Nf6 5. d3 e5 6. Nbd2 Be7 7. e4 d4 8. Nc4
Qc7 9. a4 O-O 10. Ne1 Be6 11. f4 Bxc4 12. dxc4 exf4 13. gxf4 Kh8 14. Nd3 Qd7 15.
h3 Rg8 16. e5 Ne8 17. Be4 Qxh3 18. Rf2 f5 19. Rh2 Qg3+ 20. Rg2 Qh3 21. Rh2 Qg3+
22. Rg2 Qh3 23. Rh2 Qg3+ 24. Rg2 {Game drawn by repetition} 1/2-1/2

[Event "Team 45 45 League T52"]
[Site "Internet Chess Club"]
[Date "2012.02.26"]
[Round "2"]
[White "jhbchess"]
[Black "BrerRabbit"]
[Result "1-0"]
[WhiteElo "1549"]
[BlackElo "1492"]
[Opening "English, 1...Nf6 (Anglo-Indian defense)"]
[ECO "A15"]
[Time "19:03:21"]
[TimeControl "2700+45"]

1. c4 Nf6 2. g3 g6 3. Bg2 Bg7 4. Nc3 O-O 5. d3 d6 6. e4 c5 7. Nge2 Nc6 8. O-O a6
9. Bg5 h6 10. Bd2 Rb8 11. Nd5 Nxd5 12. cxd5 Ne5 13. Bc3 b5 14. a3 e6 15. d4 Nc4
16. dxc5 Bxc3 17. Nxc3 Nxb2 18. Qe2 Nc4 19. c6 e5 20. f4 f6 21. fxe5 fxe5 22.
Rxf8+ Kxf8 23. Qf2+ Kg7 24. Bf1 Bg4 25. Qa7+ Kg8 26. c7 {Black resigns} 1-0

[Event "Team 45 45 League T52"]
[Site "Internet Chess Club"]
[Date "2012.02.23"]
[Round "2"]
[White "LazyPeon"]
[Black "Buford-Julep"]
[Result "1/2-1/2"]
[WhiteElo "1807"]
[BlackElo "1647"]
[Opening "QGD: exchange, positional line, 5...c6"]
[ECO "D35"]
[Time "15:30:10"]
[TimeControl "2700+45"]

1. d4 Nf6 2. c4 e6 3. Nc3 d5 4. cxd5 exd5 5. Bg5 c6 6. e3 Be7 7. Bd3 Nbd7 8.
Nge2 O-O 9. O-O Re8 10. Qc2 Nf8 11. f3 Be6 12. Rae1 Rc8 13. Nf4 c5 14. Nxe6 fxe6
15. Qf2 N6d7 16. Bxe7 Qxe7 17. e4 cxd4 18. Qxd4 Qc5 19. Qxc5 Nxc5 20. Bb5 Red8
21. exd5 exd5 22. Rd1 a6 23. Be2 b5 24. Nxd5 Kf7 25. Rd2 Rd6 26. Rdd1 Nfe6 27.
f4 Rcd8 28. Bf3 Na4 29. b3 Nac5 30. g3 g6 31. Rfe1 Ng7 32. Nb4 Rxd1 33. Rxd1
Rxd1+ 34. Bxd1 a5 35. Nc6 a4 36. b4 Ne4 37. a3 Nc3 38. Bc2 Nf5 39. Kf2 Ke6 40.
g4 Nd6 41. Bd3 Kd5 42. Ne5 Nc4 43. Bxc4+ bxc4 44. Nd7 Ne4+ 45. Ke3 c3 46. Nb6+
Kc6 47. Nc4 c2 48. Ne5+ Kd5 49. Nd3 Nc3 50. Kd2 Nb1+ 51. Kxc2 Nxa3+ 52. Kd2 Nc4+
53. Kc3 a3 54. Nc1 Nd6 55. Nd3 a2 56. Kb2 a1=Q+ 57. Kxa1 Ke4 58. f5 gxf5 59.
Nc5+ Kf4 60. gxf5 Kxf5 61. Kb2 Kg4 62. Ne6 Kh3 63. Ng5+ Kxh2 64. Nxh7 Kg3 65.
Kc3 Nb5+ 66. Kc4 Na3+ 67. Kc5 Kf4 68. Nf6 Ke5 69. Nd7+ Ke6 70. Nb6 Ke7 71. Nc4
Nb1 72. b5 Nc3 73. b6 Na4+ 74. Kb5 Nxb6 {Game drawn because neither player has
mating material} 1/2-1/2

[Event "Team 45 45 League T52"]
[Site "Internet Chess Club"]
[Date "2012.02.26"]
[Round "2"]
[White "nosir"]
[Black "ticopatzer"]
[Result "0-1"]
[WhiteElo "1487"]
[BlackElo "1671"]
[Opening "Scandinavian defense"]
[ECO "B01"]
[Time "16:01:06"]
[TimeControl "2700+45"]

1. e4 d5 2. exd5 Nf6 3. Nc3 Nxd5 4. Nxd5 Qxd5 5. Nf3 e5 6. d4 e4 7. Ne5 f6 8.
Bc4 Qa5+ 9. Bd2 Qb6 10. Ng4 Qxd4 11. Ne3 Nc6 12. c3 Qe5 13. O-O Bd6 14. g3 Bh3
15. Re1 O-O-O 16. Ng4 Qf5 17. Rxe4 Qxe4 18. Ne3 Ne5 19. Be2 Bc5 {White resigns}
0-1

[Event "Team 45 45 League T52"]
[Site "Internet Chess Club"]
[Date "2012.02.26"]
[Round "2"]
[White "realchess"]
[Black "SirIvanhoe"]
[Result "1/2-1/2"]
[WhiteElo "1857"]
[BlackElo "1494"]
[Opening "Caro-Kann: Panov-Botvinnik attack, 5...e6"]
[ECO "B14"]
[Time "21:08:37"]
[TimeControl "2700+45"]

1. e4 c6 2. d4 d5 3. exd5 cxd5 4. c4 Nf6 5. Nc3 e6 6. Nf3 Bb4 7. Bg5 Be7 8. Bd3
dxc4 9. Bxc4 O-O 10. O-O Nbd7 11. Rc1 Nb6 12. Bd3 Nfd5 13. Bd2 Nxc3 14. Bxc3 Nd5
15. Bd2 Bd7 16. Qe2 Rc8 17. Qe4 f5 18. Qe2 Qb6 19. Ne5 Qd8 20. Bc4 Bc6 21. Nxc6
Rxc6 22. Bxd5 Qxd5 23. Rxc6 Qxc6 24. Re1 Bf6 25. Bc3 Kf7 26. Rd1 Qd5 27. Qh5+
Kg8 28. a3 g6 29. Qe2 Kf7 30. Qe3 b5 31. Qf4 Kg7 32. Bb4 Rc8 33. Bc5 Rxc5 34. h3
Rc8 35. Qd2 a6 36. Qa5 Rc6 {Game drawn by mutual agreement} 1/2-1/2

[Event "Team 45 45 League T52"]
[Site "Internet Chess Club"]
[Date "2012.02.23"]
[Round "2"]
[White "CKNIGHT3"]
[Black "Vin07"]
[Result "1-0"]
[WhiteElo "1559"]
[BlackElo "1485"]
[Opening "QGD Slav: 4.Nc3"]
[ECO "D15"]
[Time "15:03:46"]
[TimeControl "2700+45"]

1. d4 d5 2. c4 c6 3. Nf3 Nf6 4. Nc3 a6 5. a4 Bf5 6. e3 e6 7. Be2 Be7 8. Nh4 Bg6
9. Nxg6 hxg6 10. Bd3 Nbd7 11. e4 dxe4 12. Nxe4 Nxe4 13. Bxe4 Nf6 14. Bc2 Bb4+
15. Bd2 Bxd2+ 16. Qxd2 Qd6 17. h3 Rd8 18. Rd1 Rh4 19. g4 Nxg4 20. Qg5 Nxf2 21.
Kxf2 Rf4+ 22. Ke2 Rxd4 23. Rxd4 Qxd4 24. b3 Qb2 25. Rc1 Qc3 26. Bxg6 Qxb3 27.
Bxf7+ Kxf7 28. Qxd8 Qb2+ 29. Qd2 Qe5+ 30. Kd1 Qh5+ 31. Kc2 Qf5+ 32. Qd3 Qf2+ 33.
Kb3 Qb6+ 34. Ka2 Qf2+ 35. Rc2 Qc5 36. Qd7+ Kg8 37. Qxe6+ Kh8 38. Re2 Qb4 39.
Qe8+ Kh7 40. Qh5+ Kg8 41. Re8+ Qf8 42. Rxf8+ Kxf8 43. Qf5+ Kg8 44. Kb3 {Black
resigns} 1-0

[Event "Team 45 45 League T52"]
[Site "Internet Chess Club"]
[Date "2012.02.24"]
[Round "2"]
[White "Just-Jim"]
[Black "otib2006"]
[Result "0-1"]
[WhiteElo "1394"]
[BlackElo "1302"]
[Opening "Sicilian defense"]
[ECO "B20"]
[Time "18:00:17"]
[TimeControl "2700+45"]

1. e4 c5 2. e5 e6 3. Nc3 Nc6 4. f4 d6 5. Bb5 a6 6. Bxc6+ bxc6 7. exd6 Qxd6 8.
Qf3 Nf6 9. Ne4 Nxe4 10. Qxe4 Qd5 11. Qxd5 cxd5 12. Nf3 Bd6 13. d3 O-O 14. Bd2
Bb7 15. O-O-O a5 16. Ne5 Bxe5 17. fxe5 a4 18. Be3 d4 19. Bg5 Bxg2 20. Rhg1 Bf3
21. Rdf1 Bd5 22. Kb1 Rab8 23. Be7 Rfe8 24. Bxc5 Rb5 25. Bxd4 Reb8 26. c3 Rxb2+
27. Kc1 Bxa2 28. c4 Re2 29. Kd1 Rxh2 30. Rf2 Rh4 31. Rxa2 Rxd4 32. Kc2 Ra8 33.
Rga1 h5 34. Kc3 Rad8 35. Rxa4 Rxd3+ 36. Kc2 Rd2+ 37. Kb3 Rd1 38. Rxd1 Rxd1 39.
c5 Rd5 40. c6 Rc5 41. Ra6 h4 42. Kb4 Rc1 43. Ra8+ Kh7 44. Kb5 h3 45. Ra2 Rb1+
46. Kc5 Rc1+ 47. Kd6 g5 48. c7 g4 49. Kd7 g3 50. Ra3 h2 51. Rxg3 h1=Q 52. c8=Q
Rxc8 {White resigns} 0-1

[Event "Team 45 45 League T52"]
[Site "Internet Chess Club"]
[Date "2012.02.25"]
[Round "2"]
[White "WzeroMN"]
[Black "carolinaknight"]
[Result "0-1"]
[WhiteElo "1118"]
[BlackElo "1319"]
[Opening "French: advance variation"]
[ECO "C02"]
[Time "19:02:12"]
[TimeControl "2700+45"]

1. e4 e6 2. d4 d5 3. e5 c5 4. c3 Qb6 5. Nf3 Nc6 6. Be3 Qxb2 7. Nbd2 c4 8. Qc1
Qxc1+ 9. Rxc1 Nge7 10. Nh4 Bd7 11. Be2 h6 12. O-O g5 13. Nhf3 Nf5 14. Rb1 O-O-O
15. Rb2 Ba3 16. Rb5 Nce7 17. Ra5 Bb2 18. Rxa7 Bxc3 19. Rb1 Bc6 20. a4 Nxe3 21.
fxe3 Nf5 22. Kf2 Rhg8 23. h3 Kb8 24. Ra6 Kc7 25. Ra7 Ra8 26. Rxa8 Rxa8 27. Rc1
Bxd2 28. Nxd2 Rxa4 29. Bd1 Ra3 30. e4 Nxd4 31. exd5 Bxd5 32. Nxc4 Ra2+ 33. Kg1
Rxg2+ 34. Kf1 Rh2 35. Nd6+ Kd7 36. Kg1 Rxh3 37. Nxf7 Rh1+ 38. Kf2 Rh4 39. Kg3
Nf5+ {White resigns} 0-1

[Event "Team 45 45 League T52"]
[Site "Internet Chess Club"]
[Date "2012.02.28"]
[Round "2"]
[White "dscvdchk"]
[Black "medsurg"]
[Result "1/2-1/2"]
[WhiteElo "1434"]
[BlackElo "1372"]
[Opening "QGD Slav defense"]
[ECO "D10"]
[Time "21:04:03"]
[TimeControl "2700+45"]

1. d4 d5 2. c4 c6 3. e3 Nf6 4. Nc3 a6 5. Nf3 Bf5 6. Qb3 Ra7 7. cxd5 Nxd5 8. Be2
e6 9. a3 Nxc3 10. bxc3 Bd6 11. O-O O-O 12. h3 Nd7 13. Bd2 b6 14. a4 c5 15. Rfd1
Qc7 16. Be1 Be4 17. Ng5 Bg6 18. Rac1 Re8 19. Bd3 Bxd3 20. Rxd3 Nf6 21. Rdd1 h6
22. Nf3 Rb7 23. c4 cxd4 24. exd4 Bf4 25. Rb1 Reb8 26. Qd3 Qd7 27. Qc2 Rc8 {Game
drawn by mutual agreement} 1/2-1/2

[Event "Team 45 45 League T52"]
[Site "Internet Chess Club"]
[Date "2012.02.25"]
[Round "2"]
[White "tamky70"]
[Black "PsyMar"]
[Result "1-0"]
[WhiteElo "1434"]
[BlackElo "1313"]
[Opening "Bird: From gambit"]
[ECO "A02"]
[Time "14:01:03"]
[TimeControl "2700+45"]

1. f4 e5 2. fxe5 d6 3. Nf3 Nc6 4. exd6 Bxd6 5. e3 Nf6 6. d3 O-O 7. Be2 Re8 8. c3
Ng4 9. e4 Bc5 10. d4 Bb6 11. h3 Nf6 12. e5 Nd5 13. O-O Nxe5 14. Nxe5 Rxe5 15.
Kh1 Re8 16. Bc4 c6 17. Bd2 Bc7 18. Qf3 Nf6 19. Bg5 Qd6 20. Bf4 Qe7 21. Nd2 Be6
22. Bd3 Bd5 23. Qg3 Bxf4 24. Qxf4 Rad8 25. Rae1 Qxe1 26. Rxe1 Rxe1+ 27. Kh2 Rde8
28. Nf3 g6 29. Ne5 Nh5 30. Qf2 R1xe5 31. dxe5 Rxe5 32. b3 Ng7 33. Qxa7 Rg5 34.
Qb8+ Ne8 35. Qxe8+ Kg7 36. Qe2 Rxg2+ 37. Qxg2 Bxg2 38. Kxg2 f5 39. Kf3 Kf6 40.
a4 Ke5 41. b4 h5 42. h4 Kf6 43. Kf4 b6 44. a5 bxa5 45. bxa5 g5+ 46. hxg5+ Kg6
47. a6 h4 48. Bf1 {Black resigns} 1-0

[Event "Team 45 45 League T52"]
[Site "Internet Chess Club"]
[Date "2012.02.27"]
[Round "2"]
[White "randallsr"]
[Black "az2112"]
[Result "1-0"]
[WhiteElo "1746"]
[BlackElo "1639"]
[Opening "English: New York (London) defensive system"]
[ECO "A05"]
[Time "21:30:13"]
[TimeControl "2700+45"]

1. Nf3 Nf6 2. c4 c6 3. b3 d5 4. Bb2 Bf5 5. g3 e6 6. Bg2 Nbd7 7. O-O Be7 8. d3 h6
9. Nbd2 O-O 10. Re1 Bb4 11. a3 Ba5 12. b4 Bc7 13. c5 e5 14. e4 Bg4 15. Qc2 Re8
16. Nf1 d4 17. N3d2 Nf8 18. f3 Be6 19. Bc1 Qd7 20. Nc4 b5 21. cxb6 axb6 22. Nfd2
b5 23. Nb2 Bd6 24. Nb3 Qc7 25. Bd2 Rac8 26. Rec1 N6d7 27. Nc5 Nxc5 28. bxc5 Be7
29. Bb4 Bg5 30. Rcb1 Be3+ 31. Kh1 Nd7 32. Nd1 Bg5 33. Nb2 Be7 34. Rc1 Bg5 35.
Bd2 Be7 36. Bb4 Bg5 37. Rf1 Rb8 38. h4 Be7 39. Kh2 Qa7 40. Rac1 Bd8 41. f4 Ba5
42. f5 Bxb4 43. fxe6 {Black resigns} 1-0